 Dungeon Crawl Stone Soup version 0.29.0-4-gdea44cf6ec (webtiles) character file.

Game seed: 9780626376895283843

79 qw the Chopper (level 4, -4/28 HPs)
             Began as a Gargoyle Fighter on Sept 4, 2022.
             Slain by Grinder (6 damage)
             ... on level 3 of the Dungeon.
             The game lasted 00:00:51 (1986 turns).

qw the Chopper (Gargoyle Fighter)                   Turns: 1986, Time: 00:00:52

Health: -4/28      AC: 17    Str: 22    XL:     4   Next: 38%
Magic:  4/4        EV:  9    Int:  8    God:
Gold:   65         SH:  4    Dex:  9    Spells: 3/3 levels left

rFire   x . .      SeeInvis .   Y - +0 war axe
rCold   + + .      Faith    .   c - +0 buckler
rNeg    + . .      Spirit   .   h - +0 ice dragon scales
rPois   inf        Reflect  .   j - +1 helmet
rElec   +          Harm     .   (no cloak)
rCorr   .          Rampage  .   g - +0 pair of gloves
Will    .....                   (no boots)
Stlth   ..........              m - amulet of the acrobat
HPRegen 0.09/turn               (no ring)
MPRegen 0.09/turn               (no ring)

@: no status effects
A: sickness immunity, AC +3, negative energy resistance 1, electricity
resistance, torment resistance 1, petrification resistance
a: no special abilities


You were on level 3 of the Dungeon.
You visited 1 branch of the dungeon, and saw 3 of its levels.

You collected 65 gold pieces.


Innate Abilities, Weirdness & Mutations

You are immune to sickness and miasma.
Your stone body is resilient. (AC +3)
You are immune to poison.
You resist negative energy. (rN+)
You are resistant to electric shocks. (rElec)
You are resistant to unholy torment.
You are immune to petrification.


   Skills:
 - Level 3.2 Fighting
 + Level 4.1 Axes
 - Level 3.2 Armour
 - Level 3.2 Shields


You had 3 spell levels left.
You didn't know any spells.
Your spell library was empty.

Inventory:

Hand Weapons
 f - the +4 war axe "Ryof" {pain, Fragile Str+3 Int+4 Dex+2}
   (You acquired it on level 2 of the Dungeon)

   In the hands of one skilled in necromantic magic, it inflicts extra damage on
   living creatures.
   Str:       It affects your strength (+3).
   Int:       It affects your intelligence (+4).
   Dex:       It affects your dexterity (+2).
   Fragile:   It will be destroyed if unequipped.
 p - a +0 flail
 Y - a +0 war axe (weapon)
Missiles
 e - 3 boomerangs (quivered)
Armour
 b - a +0 scale mail
 c - a +0 buckler (worn)
 g - a +0 pair of gloves (worn)
 h - +0 ice dragon scales (worn)
 j - a +1 helmet (worn)
Jewellery
 m - an amulet of the acrobat (around neck)
Scrolls
 a - a scroll of identify
Potions
 d - a potion of might
 i - 3 potions of curing
 l - a potion of heal wounds {unknown}
 n - 2 potions of attraction {unknown}

Dungeon Overview and Level Annotations

Branches:
Dungeon (3/15)

Altars:

Shops:
D:3 (

Annotations:
D:3 Grinder


Message History

Grinder is lightly wounded.
Grinder gestures at you.
You barely resist. You hit Grinder.
Grinder is lightly wounded.
Grinder hits you but does no damage. Grinder gestures at you.
Pain shoots through your body!
You closely miss Grinder.
Grinder is lightly wounded.
Grinder hits you but does no damage.
You hit Grinder.
Grinder is moderately wounded.
Grinder barely misses you.
You hit Grinder but do no damage.
Grinder is moderately wounded.
Grinder hits you but does no damage. You block Grinder's attack.
You barely miss Grinder.
Grinder is moderately wounded.
Grinder hits you but does no damage.
You slash Grinder!
Grinder is heavily wounded.
You block Grinder's attack.
You hit Grinder.
Grinder is heavily wounded.
Grinder hits you but does no damage. x2
You barely miss Grinder.
Grinder is heavily wounded.
Grinder hits you but does no damage.
You slash Grinder!
Grinder is severely wounded.
Grinder hits you but does no damage.
You closely miss Grinder.
Grinder is severely wounded.
Grinder gestures at you. Pain shoots through your body!
You hit Grinder but do no damage.
Grinder is severely wounded.
Grinder hits you.
You die...

# .# #.## ######....
#### #....)..# #...
#$......# #...
#.......### #...##
#.)........
.###....#####.@5.....#.
............)))........
###.....#####.\).....#.
##....# #........#
#....# ######.###
#.##.####### ...
###>##........ ...
.##.....#####... ..#
........#........ ..#


You could see Grinder (strong).

Vanquished Creatures
  2 adders
  2 worms (D:2)
  2 dart slugs (D:3)
  9 orcs (D:3)
  3 bats
  3 endoplasms
  4 giant cockroaches
  3 hobgoblins
  5 kobolds
  5 ball pythons
  A frilled lizard (D:2)
  3 rats (D:1)
42 creatures vanquished.

Vanquished Creatures (others)
  2 plants (D:2)
2 creatures vanquished.

Grand Total: 44 creatures vanquished

Notes
Turn   | Place    | Note
-------+----------+-------------------------------------------
     0 | D:1      | qw the Gargoyle Fighter began the quest for the Orb.
     0 | D:1      | Reached XP level 1. HP: 14/14 MP: 1/1
     0 | D:1      | 0 ||| qw: Version: 0.1-a-102-g441f92d
     0 | D:1      | 0 ||| qw: Game counter: 5321
     0 | D:1      | 0 ||| qw: Always use a shield: true
     0 | D:1      | 0 ||| qw: God list: Okawaru
     0 | D:1      | 0 ||| qw: Allow faded altars: false
     0 | D:1      | 0 ||| qw: Do Orc after D:15 true
     0 | D:1      | 0 ||| qw: Do second Lair branch before Depths: true
     0 | D:1      | 0 ||| qw: Lair rune preference: random
     0 | D:1      | 0 ||| qw: Plans: Normal
     0 | D:1      | 0 ||| PLANNING D:1-11
    76 | D:1      | Reached skill level 2 in Axes
   460 | D:1      | Found a faded altar of an unknown god.
   464 | D:1      | 464 ||| Stepping ~*~*~tactically~*~*~ (stealth).
   468 | D:1      | Reached XP level 2. HP: 19/19 MP: 2/2
   788 | D:1      | 788 ||| UPGRADING to +0 pair of gloves.
   793 | D:1      | 793 ||| UPGRADING to +0 ice dragon scales.
   803 | D:1      | 803 ||| UPGRADING to +1 helmet.
   808 | D:1      | 808 ||| UPGRADING to amulet of the acrobat.
   813 | D:1      | 813 ||| READING scroll labelled HUV UHIPSO.
   814 | D:1      | 814 ||| READING scroll labelled GECITAALIE.
   815 | D:1      | 815 ||| READING scroll labelled YXAEJAR AKOL.
   816 | D:1      | 816 ||| DRINKING 3 glowing cyan potions.
   901 | D:2      | Reached skill level 3 in Axes
   901 | D:2      | Reached XP level 3. HP: 23/23 MP: 3/3
  1571 | D:2      | 1571 ||| READING 2 scrolls labelled BAUPYA BUENILI.
  1572 | D:2      | 1572 ||| READING scroll labelled CEFEGU REBLY.
  1572 | D:2      | Identified a scroll of acquirement
  1572 | D:2      | 1572 ||| ACQUIRING +4 war axe "Ryof" {pain, Fragile Str+3
                  | Int+4 Dex+2}
  1572 | D:2      | Acquired the +4 war axe "Ryof" {pain, Fragile Str+3 Int+4
                  | Dex+2}
  1574 | D:2      | 1574 ||| READING scroll labelled RERUUPH VIUSOOF.
  1598 | D:3      | 1598 ||| Stepping ~*~*~tactically~*~*~ (stealth).
  1599 | D:3      | 1599 ||| Stepping ~*~*~tactically~*~*~ (stealth).
  1600 | D:3      | 1600 ||| Stepping ~*~*~tactically~*~*~ (hiding).
  1601 | D:3      | 1601 ||| Stepping ~*~*~tactically~*~*~ (hiding).
  1764 | D:3      | Reached XP level 4. HP: 27/28 MP: 4/4
  1853 | D:3      | 1853 ||| DROPPING +0 club.
  1863 | D:3      | Found Duoguh's Weapon Emporium.
  1869 | D:3      | 1869 ||| Stepping ~*~*~tactically~*~*~ (stealth).
  1880 | D:3      | Reached skill level 4 in Axes
  1933 | D:3      | 1933 ||| DROPPING +2 whip of electrocution.
  1934 | D:3      | 1934 ||| DROPPING +0 whip.
  1941 | D:3      | 1941 ||| Stepping ~*~*~tactically~*~*~ (stealth).
  1942 | D:3      | 1942 ||| Stepping ~*~*~tactically~*~*~ (stealth).
  1943 | D:3      | 1943 ||| Stepping ~*~*~tactically~*~*~ (stealth).
  1952 | D:3      | Noticed Grinder
  1958 | D:3      | HP: 6/28 [Grinder (7)]
  1960 | D:3      | Paralysed by Grinder for 2 turns
  1962 | D:3      | 1962 ||| FLEEEEING.
  1963 | D:3      | 1963 ||| FLEEEEING.
  1964 | D:3      | 1964 ||| FLEEEEING.
  1965 | D:3      | 1965 ||| FLEEEEING.
  1965 | D:3      | Paralysed by Grinder for 5 turns
  1976 | D:3      | HP: 6/28 [Grinder/nerve-wracking pain (1)]
  1985 | D:3      | HP: 2/28 [Grinder/nerve-wracking pain (5)]
  1986 | D:3      | Slain by Grinder

Levels and vault maps discovered:
D:1:      mrwooster_arrival_statue_3, layout_loops_corners,
          dreamdust_ecumenical_altar_statues, lemuel_old_faithful
D:2:      layout_basic, serial_bayou, serial_bayou_lagoon_a,
          serial_bayou_shore_a, serial_bayou_ford_a, serial_bayou_lagoon_b
D:3:      layout_rooms, lemuel_doored_altar, amcnicky_altar_gilded,
          serial_shops, shop, uniq_grinder

Skill      XL: |  1  2  3  4 |
---------------+-------------+-----
Axes           | 2 3 4 |  4.1
Fighting       | |  3.2
Armour         | |  3.2
Shields        | |  3.2

Action                   |  1- 3 |  4- 6 || total
-------------------------+-------+-------++-------
Melee: War axe           |    42 |    57 ||    99
Throw: Boomerang         |    47 |    12 ||    59
  Use: Scroll            |     6 |       ||     6
       Potion            |     1 |       ||     1
Armor: Ice dragon scales |    11 |    41 ||    52
       Scale mail        |     1 |       ||     1
Dodge: Dodged            |    16 |    36 ||    52
Block: Buckler           |     4 |     9 ||    13

Table legend:
 A = Non-vault XP
 B = Vault XP
 C = Vault XP percentage of total XP
 D = Non-vault monster count
 E = Vault monster count
 F = Vault count percentage of total count
                 A         B        C        D         E       F
            +---------+---------+-------+---------+---------+-------
      Total |     114 |       0 |   0.0 |      42 |       0 |   0.0
            +---------+---------+-------+---------+---------+-------
        D:1 |      13 |       0 |   0.0 |       8 |       0 |   0.0
        D:2 |      38 |       0 |   0.0 |      13 |       0 |   0.0
        D:3 |      63 |       0 |   0.0 |      21 |       0 |   0.0
            +---------+---------+-------+---------+---------+-------
